Cogmind - Beta 10.2 @@@ ROGUE MODE // 2021.08.11 @ 12:26:12 Player: Sam Result: Self-destructed Performance ------------- Evolutions (2) 1000 Regions Visited (3) 600 Robots Destroyed (20) 100 Value Destroyed (535) 535 Prototype IDs (1) 20 Alien Tech Used (0) 0 Bonus (0) 0 TOTAL SCORE: 2255 Bonus ------- None Cogmind --------- Core Integrity 302/550 Matter 274/300 Energy 74/160 System Corruption 0% Temperature Cool (54) Movement Treading (160) Location -8/Materials Parts ------- > --- POWER (1) -------- Light Nuclear Core > --- PROPULSION (3) --- Light Treads Light Treads Light Treads > --- UTILITY (5) ------ Large Storage Unit Large Storage Unit > --- WEAPON (2) ------- Particle Cannon Improved Assault Rifle > --- INVENTORY (16) --- Light Ion Engine Aluminum Leg Peak State ------------ > --- POWER ------------ Light Nuclear Core > --- PROPULSION ------- Light Treads Light Treads Light Treads > --- UTILITY ---------- Large Storage Unit Large Storage Unit Improved Targeting Computer > --- WEAPON ----------- Light EM Pulse Cannon Particle Cannon > --- INVENTORY -------- Light Ion Engine Aluminum Leg Improved Assault Rifle [Rating: 14] Favorites ----------- Power Ion Engine Engine Ion Engine Power Core Light Nuclear Core Propulsion Aluminum Leg Treads Light Treads Leg Aluminum Leg Utility Large Storage Unit Device Structural Scanner Storage Large Storage Unit Processor Improved Targeting Computer Weapon Assault Rifle Energy Cannon Light EM Pulse Cannon Ballistic Gun Assault Rifle Launcher Grenade Launcher Build | -11 -10 -9 -8 ------- Run | Scr Mat Mat Mat Slots Evolved 4 | . . 2 2 Power . | . . . . Propulsion 1 | . . . 1 Utility 3 | . . 2 1 Weapon . | . . . . Parts Attached 26 | 6 3 6 11 Power 3 | 1 . . 2 Engine 2 | 1 . . 1 Core 1 | . . . 1 Reactor . | . . . . Propulsion 8 | 2 1 1 4 Treads 3 | . . . 3 Leg 5 | 2 1 1 1 Wheel . | . . . . Hover . | . . . . Flight . | . . . . Utility 5 | 1 2 2 . Device 1 | . . 1 . Storage 3 | 1 2 . . Processor 1 | . . 1 . Hackware . | . . . . Protection . | . . . . Artifact . | . . . . Weapon 10 | 2 . 3 5 Energy Gun . | . . . . Energy Cannon 4 | . . 2 2 Ballistic Gun 5 | 2 . 1 2 Ballistic Cannon . | . . . . Launcher 1 | . . . 1 Special Weapon . | . . . . Impact Weapon . | . . . . Slashing Weapon . | . . . . Piercing Weapon . | . . . . Special Melee Weapon . | . . . . Unidentified Prototypes 1 | . . . 1 Parts Lost 12 | . . 3 9 Power 2 | . . 1 1 Propulsion 3 | . . . 3 Utility 2 | . . . 2 Weapon 5 | . . 2 3 Highest Loss Streak 8 | . . 2 8 Average Slot Usage (%) 92 | . 99 93 74 Engine 8 | . 14 7 . Treads 1 | . . . 7 Leg 23 | . 28 22 15 Device 6 | . . 11 7 Storage 23 | . 27 22 18 Processor 6 | . . 10 8 Energy Cannon 7 | . . 12 12 Ballistic Gun 13 | . 28 6 3 Naked Turns . | . . . . Heaviest Build 46 | 12 40 46 45 Greatest Support 60 | 20 20 20 60 Greatest Overweight (x) 2 | . 1 2 2 Average Overweight (x) 1 | . . 1 . Largest Inventory Capacity 16 | 6 16 16 16 Average Capacity 15 | 5 15 16 16 Most Carried 9 | 4 7 9 8 Average Carried 6 | 1 5 7 6 Final Capacity 16 | 6 16 16 16 Final Carried 9 | 4 7 9 2 Class Distribution -------------------- 100% | Mutant Dominant Class ---------------- Mutant | -10/Materials Mutant | -9/Materials Mutant | -8/Materials Resources | -11 -10 -9 -8 ----------- Run | Scr Mat Mat Mat Matter Collected 613 | 197 153 119 144 Remotely . | . . . . Salvage Created 711 | . 176 244 291 Parts 39 | . 9 15 15 Haulers Intercepted . | . . . . Recyclers Shooed 1 | . . . 1 Parts Field Recycled . | . . . . Retrieved Matter . | . . . . Parts Self-Destructed . | . . . . Prevented . | . . . . Kills | -11 -10 -9 -8 ------- Run | Scr Mat Mat Mat Combat Hostiles Destroyed 16 | . 4 6 6 Guns 9 | . 4 3 2 Cannons 3 | . . 3 . AOE 4 | . . . 4 Classes Destroyed 6 | . 1 3 2 Builder 2 | . . . 2 Recycler 2 | . . . 2 Swarmer 5 | . . 2 3 Grunt 8 | . 4 1 3 Brawler 1 | . . 1 . Sentry 2 | . . 2 . Best Kill Streak 9 | . 4 2 9 Combat Bots Only 5 | . 4 2 5 Max Kills in Single Turn 2 | . 1 1 2 Gunslinging . | . . . . Exploded 1 | . . . 1 Melee . | . . . . Uniques/NPCs Destroyed . | . . . . Combat | -11 -10 -9 -8 -------- Run | Scr Mat Mat Mat Damage Taken 2043 | . 238 403 1402 Core 378 | . 56 74 248 Absorbed by Shields . | . . . . Core Remaining (%) 86 | 100 77 81 . Volleys Fired 67 | . 18 25 24 Largest 2 | . 2 2 2 Hottest 124 | . 40 124 124 Shots Fired 99 | . 36 35 28 Gun 73 | . 36 22 15 Cannon 20 | . . 13 7 Launcher 6 | . . . 6 Special . | . . . . Kinetic 73 | . 36 22 15 Thermal 10 | . . 6 4 Explosive 6 | . . . 6 Electromagnetic 10 | . . 7 3 Robot Hit Streak 10 | . 9 7 10 Robot Miss Streak 4 | . 4 2 1 Penetration Max . | . . . . Secondary Targets . | . . . . Shots Hit Robots 70 | . 22 27 21 Core Hits 40 | . 11 8 21 Critical Hits 2 | . 1 1 . Critical Kills . | . . . . Critical Parts Destroyed 2 | . 1 1 . Melee Attacks . | . . . . Impact . | . . . . Slashing . | . . . . Piercing . | . . . . Sneak Attacks . | . . . . Combat Hostiles . | . . . . Follow-up Attacks . | . . . . Damage Inflicted 1581 | . 238 410 933 Guns 644 | . 238 193 213 Cannons 321 | . . 217 104 Explosions 616 | . . . 616 Melee . | . . . . Ramming . | . . . . Kinetic 644 | . 238 193 213 Thermal 144 | . . 102 42 Explosive 616 | . . . 616 Electromagnetic 177 | . . 115 62 Impact . | . . . . Slashing . | . . . . Piercing . | . . . . Highest Corruption . | . . . . Average Corruption . | . . . . Corruption Purged . | . . . . Overload Shots . | . . . . Overflow Damage 26 | . . . 26 Projectiles . | . . . . Explosions 26 | . . . 26 Melee . | . . . . Knockbacks . | . . . . Impact . | . . . . Kinetic . | . . . . Secondary . | . . . . Self-Inflicted Damage 56 | . . . 56 Shots 2 | . . . 2 Rammed . | . . . . Targets Rammed . | . . . . Kicked . | . . . . Crushed . | . . . . Highest Temperature 165 | . 18 165 57 Average Temperature 34 | . 8 53 27 Received Heat Transfer 822 | . 135 147 540 Siege Activations . | . . . . Robots Corrupted . | . . . . Combat Hostiles . | . . . . Parts Fried 1 | . . 1 . Impact Corruptions . | . . . . Robots Melted . | . . . . Combat Hostiles . | . . . . Parts Melted 1 | . . 1 . Heat Transferred 259 | . . 185 74 Parts Sabotaged . | . . . . Parts Stolen . | . . . . Parts Stripped . | . . . . Power Chain Reactions . | . . . . Missiles Intercepted . | . . . . Alert | -11 -10 -9 -8 ------- Run | Scr Mat Mat Mat Peak Influence 251 | . 124 251 201 Initial 52 | . . 52 21 Average 84 | . 45 127 77 Maximum Alert Level 1 | . . 1 1 Low Security (%) 90 | 100 100 79 98 Level 1 9 | . . 20 1 Level 2 . | . . . . Level 3 . | . . . . Level 4 . | . . . . Level 5 . | . . . . High Security . | . . . . Max Security . | . . . . Squads Dispatched 3 | . 1 . 2 Investigation . | . . . . Extermination . | . . . . Reinforcement 3 | . 1 . 2 Assault . | . . . . Garrison . | . . . . Intercept . | . . . . Construction Impeded 1 | . . . 1 Haulers Reinforced . | . . . . Stealth | -11 -10 -9 -8 --------- Run | Scr Mat Mat Mat Distress Signals 5 | . . 1 4 Communications Jammed . | . . . . Distress Signals . | . . . . Times Spotted 30 | . 7 8 15 Peak Tracking Total 8 | . 2 4 8 Tactical Retreats 3 | . . 1 2 Traps | -11 -10 -9 -8 ------- Run | Scr Mat Mat Mat Traps Triggered . | . . . . Indirectly . | . . . . Trap Hack Attempts . | . . . . Triggered . | . . . . Disarmed . | . . . . Reprogrammed . | . . . . Reused . | . . . . Traps Extracted . | . . . . Installed . | . . . . Triggered . | . . . . Machines | -11 -10 -9 -8 ---------- Run | Scr Mat Mat Mat Machines Disabled . | . . . . Max in Single Turn . | . . . . Machines Sabotaged . | . . . . Garrisons Compromised . | . . . . Overloaded Fab Kills . | . . . . Fab Network Shutdowns . | . . . . Hacking | -11 -10 -9 -8 --------- Run | Scr Mat Mat Mat Machines Accessed 5 | . 4 1 . Terminals 4 | . 3 1 . Fabricators . | . . . . Repair Stations . | . . . . Recycling Units 1 | . 1 . . Scanalyzers . | . . . . Garrison Access . | . . . . Total Hacks 12 | . 10 2 . Successful 3 | . 2 1 . Failed 9 | . 8 1 . Catastrophic 5 | . 4 1 . Database Lockouts . | . . . . Manual 9 | . 7 2 . Terminals 8 | . 6 2 . Fabricators . | . . . . Repair Stations . | . . . . Recycling Units 4 | . 4 . . Scanalyzers . | . . . . Garrison Access . | . . . . Terminal Hacks 2 | . 1 1 . Level Access Points 2 | . 1 1 . Fabricator Hacks . | . . . . Repair Station Hacks . | . . . . Recycling Unit Hacks 1 | . 1 . . Report Inventory 1 | . 1 . . Scanalyzer . | . . . . Garrison Access Hacks . | . . . . Unauthorized Hacks . | . . . . Terminals . | . . . . Fabricators . | . . . . Repair Stations . | . . . . Recycling Units . | . . . . Scanalyzers . | . . . . Garrison Access . | . . . . Data Cores Recovered . | . . . . Used . | . . . . Hacking Detections 4 | . 4 . . Full Trace Events . | . . . . Feedback Events . | . . . . Feedback Blocked . | . . . . Robot Schematics Acquired . | . . . . Robots Built . | . . . . Matter . | . . . . Time . | . . . . Total Robot Build Rating . | . . . . Part Schematics Acquired . | . . . . Parts Built . | . . . . Matter . | . . . . Time . | . . . . Total Part Build Rating . | . . . . Parts Repaired . | . . . . Time . | . . . . Parts Recycled . | . . . . Recycled Matter . | . . . . Retrieved Matter . | . . . . Retrieved Components . | . . . . Parts Scanalyzed . | . . . . Part Schematics Acquired . | . . . . Parts Damaged . | . . . . Bothacking | -11 -10 -9 -8 ------------ Run | Scr Mat Mat Mat Used RIF Installer . | . . . . Robots Hacked . | . . . . Non-combat . | . . . . Combat . | . . . . Robot Hacks Applied . | . . . . Relay Couplers Released . | . . . . Robots Rewired . | . . . . Allies Hacked . | . . . . Hacks Repelled . | . . . . Allies | -11 -10 -9 -8 -------- Run | Scr Mat Mat Mat Total Allies . | . . . . Largest Group . | . . . . Highest-Rated Group . | . . . . Highest-Rated Ally . | . . . . Total Orders . | . . . . Ally Attacks . | . . . . Total Damage . | . . . . Kills . | . . . . Allies Corrupted . | . . . . Allies Melted . | . . . . Intel | -11 -10 -9 -8 ------- Run | Scr Mat Mat Mat Robot Analysis Total . | . . . . Derelict Logs Recovered . | . . . . Drone Launches . | . . . . Drone Recoveries . | . . . . Exploration | -11 -10 -9 -8 ------------- Run | Scr Mat Mat Mat Turns Passed 1051 | 62 360 465 164 Spaces Moved 519 | 43 201 214 61 Core 3 | 3 . . . Treads 14 | . . . 14 Legs 502 | 40 201 214 47 Wheels . | . . . . Hover . | . . . . Flight . | . . . . Fastest Speed 50 | 50 120 150 150 Average Speed 156 | 115 147 172 155 Slowest Speed 180 | 120 150 180 180 Overloaded Moves . | . . . . Propulsion Burnouts . | . . . . Robots Hopped . | . . . . Cave-ins Triggered 1 | . . . 1 Exploration Rate (%) 16 | 3 33 20 9 Regions Visited 3 Branch Regions . Pre-discovered Areas . | . . . . Known Exits Taken 2 | . 1 1 . Unknown Exits Taken 1 | 1 . . . Scrap Searched . | . . . . Spaces Dug . | . . . . Terrain Destroyed 23 | . . . 23 Melee . | . . . . Projectile 1 | . . . 1 AOE 22 | . . . 22 Terrain Rammed . | . . . . Walls Destroyed . | . . . . Machines Disabled . | . . . . Actions | -11 -10 -9 -8 --------- Run | Scr Mat Mat Mat Total 656 | 52 230 274 100 Wait 35 | . 6 26 3 Move 516 | 42 200 213 61 Hop . | . . . . Pick Up 9 | 4 2 3 . Fast Attach 14 | 6 2 3 3 Attach 9 | . . 2 7 Detach . | . . . . Swap 3 | . 1 1 1 Drop 3 | . 1 1 1 Fire 67 | . 18 25 24 Melee . | . . . . Ram . | . . . . Kick . | . . . . Crush . | . . . . Escape Stasis . | . . . . Rewire . | . . . . Trap . | . . . . Miscellaneous . | . . . . Route ------- -11/Scrapyard -10/Materials (discovered 3 exits: *Mat x3) -9/Materials (discovered 3 exits: *Mat x3) -8/Materials History --------- Turn | Location | Event 6 | -11/Scrapyard | Discovered new exit (range 16) 63 | -11/Scrapyard | Entered Materials 314 | -10/Materials | Build established: Mutant 363 | -10/Materials | Identified exit to Materials 423 | -10/Materials | Entered another Materials area 423 | -9/Materials | Evolved 2 slots: Utility x2 449 | -9/Materials | Identified exit to Materials 888 | -9/Materials | Entered another Materials area 888 | -8/Materials | Evolved 2 slots: Propulsion x1, Utility x1 1041 | -8/Materials | Crushed by falling debris 1052 | -8/Materials | Self-destructed Last Messages --------------- 01042_ Acquired 49 matter. 01042_ U-05 Engineer lays Concrete. 01043_ R-06 Scavenger collects Lgt. Ion Engine. 01044_ K-01 Serf collects debris. 01044_ U-05 Engineer lays Concrete. 01045_ Acquired Lgt. Nuclear Core. 01045_ U-05 Engineer builds a Door. 01045_ U-05 Engineer lays Concrete. 01046_ G-47 Trooper IFF system glitched. 01046_ W-25 Informer sends out distress signal. 01046_ Acquired 42 matter. 01046_ U-05 Engineer lays Concrete. 01047_ Lgt. EM Pulse Cannon destroyed. 01047_ K-01 Serf collects debris. 01048_ Imp. Targeting Computer destroyed. 01048_ R-06 Scavenger collects Imp. Heat Sink. 01048_ U-05 Engineer lays Concrete. 01050_ U-05 Engineer builds a Wall. 01050_ U-05 Engineer lays Concrete. 01050_ K-01 Serf collects debris. Map ----- +----------------------------------------------------+ | ?????????????????????????????????????????????????? | | ????????????????############?????????????????????? | | ?????????######?# # ]#?????????????????????? | | ?????????# # # """ #?????????????????????? | | ?????????# # # """ [#?????????????????????? | | ?????????# / + """ #?????????????????????? | | ?????????# # # #?????????????????????? | | ?????????# "T" # # [ #?????????????????????? | | ?????????# ?# ##############???????????????? | | ?????????######?# ## #???????????????? | | ????????????????# ## #???????????????? | | ????????????????# ## """ """ #???????????????? | | ????????????????# ## """ """ #???????????????? | | ????????????????# ## " """ #???????????????? | | ????????????????# # #???????????????? | | ???????????????## ## #???????????????? | | ???????????????# ###+#######+#???????????????? | | ???????????????# #### #???????????????? | | ???????????????# ## #+#####???????????? | | ???????????????# # #???????????? | | ???????????????# #### #???????????? | | ???????????????#######??# #???????????? | | ??????????????????????### #???????????? | | ?????????????########## #???????????? | | ?????????? g r = g #???????????? | | ?????????? u u@! #???????????? | | ?????????? a g ug%k * #???????????? | | ???????????###+######/# * ! #???????????? | | ??????????????????#! # % #####???????????? | | ??????????????????# ##| ###???????????????? | | ??????????????????# ! ]?# #?????????????????? | | ??????????????????# ?# #?????????????????? | | ??????????????????# ! ? +?????????????????? | | ??????????????????# #####+#?????????????????? | | ??????????????????#######???? ?????????????????? | | ????????????????????????????? ?????????????????? | | ????????????????????????????? ?????????????????? | | ????????????????????????????? ?????????????????? | | ????????????????????????????? ???????????????????? | | ????????????????????????????? ???????????????????? | | ?????????????????????????????????????????????????? | | ?????????????????????????????????????????????????? | | ?????????????????????????????????????????????????? | | ?????????????????????????????????????????????????? | | ?????????????????????????????????????????????????? | | ?????????????????????????????????????????????????? | | ?????????????????????????????????????????????????? | | ?????????????????????????????????????????????????? | | ?????????????????????????????????????????????????? | | ?????????????????????????????????????????????????? | +----------------------------------------------------+ Best States ------------- Heat Dissipation 31 Energy Generation 14 Energy Capacity 250 Matter Stores 300 Matter Capacity 300 Sight Range 16 Terrain Scan Density 10 Evasion (%) 40 Targeting Accuracy 6 Recoil Reduction 3 Item Schematics ----------------- None Robot Schematics ------------------ None Fabricated ------------ Nothing Alien Tech Used ----------------- None Achievements -------------- None Challenges ------------ None Game ------ Seed ReactionMasterPenetrator Manual? 0 Play Time 00:10:49 Cumulative 18.2 hours Start 2021.08.11 @ 12:17:40 End 2021.08.11 @ 12:26:12 Sessions 1 Manual Loads 0 Difficulty Rogue Special Mode None Game No. 25 Rogue 25 Adventurer 0 Explorer 0 Win Type - Total 0 Types 0/0/0/0/0/0/0/0/0 Lore% 23 Gallery% 37 Achievement% 25 Wizard Run 0 Options --------- ASCII 0 Keyboard 0 Movement Mouse Keybinds 0 Fullscreen 2 Font 18/X11Bold Map View 76x50 Tactical HUD 1 Map Filters NONE Filters NONE Steam 1 RUN: 11085cd6-af8c-47bf-a8c2-da4552254c12